 Dungeon Crawl Stone Soup version 0.29-a0-824-gd827844252 (webtiles) character file.

Game seed: 12323120599028094202

4557 lunkers the Martial Artist (level 10, -1/84 HPs)
             Began as a Meteoran Transmuter on July 7, 2022.
             Was an Elder of Okawaru.
             Succumbed to a cane toad's poison
             ... on level 2 of the Lair of Beasts on July 10, 2022.
             The game lasted 00:16:06 (3697 turns).

lunkers the Martial Artist (Meteoran Transmuter)    Turns: 3697, Time: 00:16:06

Health: -1/84      AC: 13    Str: 13    XL:     10   Next: 99%
Magic:  11/15      EV: 16    Int: 25    God:    Okawaru [****..]
Gold:   505        SH:  0    Dex: 14    Spells: 7/14 levels left

rFire   . . .      SeeInvis .     - Unarmed
rCold   . . .      Faith    .   (no shield)
rNeg    + . .      Spirit   .   g - +5 ring mail of the Ecumenical Temple {rN+}
rPois   .          Reflect  .   (helmet currently unavailable)
rElec   .          Harm     .   (no cloak)
rCorr   .          Rampage  .   h - +1 pair of gloves
Will    +....                   (boots currently unavailable)
Stlth   +.........              l - amulet of the acrobat
HPRegen 0.24/turn               p - +6 ring of intelligence
MPRegen 0.14/turn               (no ring)

@: lethally poisoned (-1 -> -25), appendages, heroic, wereblooded, glowing
A: horns 2, talons 2, sense surroundings 2, otherworldly, glowing, explore regen
a: End Transformation, Renounce Religion, Heroism, Finesse


You were on level 2 of the Lair of Beasts.
You worshipped Okawaru.
Okawaru was greatly pleased with you.
You had temporarily grown beastly horns and talons.
You visited 3 branches of the dungeon, and saw 13 of its levels.

You collected 505 gold pieces.

Inventory:

Missiles
 e - 2 curare-tipped darts
Armour
 g - the +5 ring mail of the Ecumenical Temple (worn) {rN+}
   (You found it on level 3 of the Dungeon)

   rN:        It protects you from negative energy.
 h - a +1 pair of gloves (worn)
Jewellery
 l - an amulet of the acrobat (around neck)
 p - a +6 ring of intelligence (left hand)
Wands
 c - a wand of flame (24)
 j - a wand of polymorph (6)
Scrolls
 b - 2 scrolls of identify
 d - 5 scrolls of enchant armour
 f - 2 scrolls of teleportation
 r - a scroll of enchant weapon
 s - a scroll of fear
Potions
 a - a potion of ambrosia
 i - 2 potions of heal wounds
 k - a potion of flight {unknown}
 m - 2 potions of mutation
 n - 3 potions of curing
 o - a potion of brilliance {unknown}
 q - 2 potions of lignification
 t - a potion of cancellation {unknown}
 u - a potion of might {unknown}


   Skills:
 + Level 6.7(11.7) Fighting
 + Level 7.7(12.7) Dodging
 * Level 12.7(17.7) Unarmed Combat
 - Level 2.6 Spellcasting
 - Level 4.1 Transmutations
 + Level 3.3 Invocations
 - Level 6.0 Evocations


You had 7 spell levels left.
You knew the following spells:

 Your Spells              Type           Power      Damage    Failure   Level
b - Wereblood             Tmut           24%        N/A       6%          2
c - Spider Form           Tmut/Pois      13%        N/A       26%         3
p - Beastly Appendage     Tmut           48%        N/A       3%          1
q - Apportation           Tloc           6%         N/A       21%         1

Your spell library contained the following spells:

 Spells                   Type           Power      Damage    Failure   Level
 Ice Form                 Ice/Tmut       13%        N/A       65%         4
 Alistair's Intoxication  Tmut/Pois      8%         N/A       94%         5


Dungeon Overview and Level Annotations

Branches:
Dungeon (10/15) Zot: 3060  Temple (1/1) D:4 Zot: 131    Lair (2/6) D:10 Zot: 1003
    Orc (0/2) D:10
  Swamp: Lair:2-4    Shoals: Lair:2-4     Snake: Lair:2-4    Spider: Lair:2-4

Altars:
Ashenzari
Cheibriados
Dithmenos
Elyvilon
Fedhas
Gozag
Hepliaklqana
Kikubaaqudgha
Makhleb
Nemelex Xobeh
Okawaru
Qazlal
Ru
Trog
Uskayaw
Vehumet
Wu Jian
Xom
Yredelemnul
Zin
The Shining One

Shops:
D:4 *   D:10 (

Annotations:
D:8 3 runed translucent doors, dranuc9's ghost, novice DECj; kevlar127's ghost, novice TrBe


Innate Abilities, Weirdness & Mutations

You have temporarily grown beastly horns and talons.
You passively map the area around you.
You are easily found by Zot.
You glow in the dark.
You regain HP and MP as you explore.


Message History

You feel very sick. The cane toad closely misses you.
Unknown command.
Unknown command.
Unknown command.
You closely miss the cane toad. You headbutt the cane toad!
Your punch misses the cane toad.
The cane toad is severely wounded.
You feel very sick. The cane toad stings you!
* * * LOW HITPOINT WARNING * * *
You are lethally poisoned!
The cane toad poisons you!
You punch the cane toad!
You feel a bit better.
You kill the cane toad!
Okawaru is honoured by your kill.
You howl as the wereblood boils in your veins!
* * * LOW HITPOINT WARNING * * *
You feel very sick.
You hear a croak.
You hear a bellow! x2
A cane toad comes into view.
The yak gores you.
* * * LOW HITPOINT WARNING * * *
A yak comes into view. x3
The yak bellows!
You punch the yak! You claw the yak, but do no damage.
You headbutt the yak, but do no damage.
The yak is moderately wounded.
* * * LOW HITPOINT WARNING * * *
You feel very sick. The yak barely misses you.
Unknown command.
You hit the yak but do no damage.
The yak is moderately wounded.
* * * LOW HITPOINT WARNING * * *
You feel very sick.
Unknown command.
You punch the yak! You claw the yak.
The yak is heavily wounded.
You die...

*## * ## #
##,#.###, P.# *
, ,, ..
.......,.... *
...,.#...##...#
, #...
.......... ,
.....#........#
, * ,
...............,
* ,,,,
#.@Y......,, ,*
#..†......, *
,,#........# , ,
#.P##.#PY# , ,
** .... ....., *
, ,,,....F ..Y.
* ** ..... .Y.,
* * .)..... ...
≈≈≈≈, , , *


You could see 4 yaks and a cane toad.

Vanquished Creatures
  2 cane toads
  4 blink frogs (Lair:1)
  Sigmund (D:5)
  Eustachio (D:5)
  A steam dragon (D:8)
  3 water moccasins
  8 orc warriors
  A sky beast (D:7)
  An ogre (D:8)
  A wolf (D:8)
  2 centaurs
  2 bullfrogs
  Blork the orc (D:5)
  A necrophage (D:6)
  A gnoll sergeant (D:8)
  2 scorpions
  8 killer bees
  2 electric eels (D:8)
  4 hounds
  3 orc priests
  2 iguanas (D:5)
  Ijyb (D:3)
  3 orc wizards
  4 gnolls (D:8)
  4 adders
  A shadow imp (D:5)
  2 worms
  37 orcs
  6 bats
  4 endoplasms
  A giant cockroach (D:4)
  2 hobgoblins (D:3)
  A quokka (D:1)
  6 ball pythons
  A frilled lizard (D:1)
  4 goblins
  6 rats
134 creatures vanquished.

Vanquished Creatures (others)
  A fungus (Lair:1)
  4 plants (Lair:1)
5 creatures vanquished.

Grand Total: 139 creatures vanquished

Notes
Turn   | Place    | Note
-------+----------+-------------------------------------------
     0 | D:1      | lunkers the Meteoran Transmuter began the quest for the
                  | Orb.
     0 | D:1      | Reached XP level 1. HP: 16/16 MP: 5/5
   112 | D:1      | Found a faded altar of an unknown god.
   172 | D:1      | Reached skill level 4 in Unarmed Combat
   172 | D:1      | Reached XP level 2. HP: 18/23 MP: 3/6
   214 | D:1      | Learned a level 2 spell: Wereblood
   274 | D:2      | Noticed a jelly
   278 | D:2      | Reached XP level 3. HP: 27/28 MP: 4/8
   295 | D:1      | Learned a level 3 spell: Spider Form
   524 | D:4      | Found Wistrosi's General Store.
   550 | D:4      | Reached skill level 5 in Unarmed Combat
   550 | D:4      | Reached XP level 4. HP: 31/35 MP: 5/9
   584 | D:4      | Found a staircase to the Ecumenical Temple.
   594 | Temple   | Entered the Ecumenical Temple
  1040 | Temple   | Became a worshipper of Warmaster Okawaru
  1081 | D:3      | Noticed Ijyb
  1087 | D:3      | Killed Ijyb
  1088 | D:3      | Reached XP level 5. HP: 24/40 MP: 8/10
  1147 | D:3      | Identified the +5 ring mail of the Ecumenical Temple {rN+}
  1197 | D:4      | Reached skill level 6 in Unarmed Combat
  1274 | D:5      | Entered Level 5 of the Dungeon
  1337 | D:5      | Reached XP level 6. HP: 42/47 MP: 11/11
  1352 | D:5      | Noticed Blork the orc
  1364 | D:5      | Killed Blork the orc
  1365 | D:5      | Reached skill level 7 in Unarmed Combat
  1374 | D:5      | Reached XP level 7. HP: 50/52 MP: 10/12
  1558 | D:5      | Noticed Eustachio
  1573 | D:5      | Killed Eustachio
  1573 | D:5      | Reached * piety under Okawaru
  1574 | D:5      | Reached skill level 8 in Unarmed Combat
  1574 | D:5      | Reached skill level 1 in Invocations
  1574 | D:5      | Reached skill level 1 in Evocations
  1588 | D:5      | Noticed Sigmund
  1610 | D:5      | Killed Sigmund
  1611 | D:5      | Reached XP level 8. HP: 61/61 MP: 13/13
  1973 | D:6      | Reached ** piety under Okawaru
  1974 | D:6      | Reached skill level 9 in Unarmed Combat
  2024 | D:7      | Upgraded the game from 0.29-a0-821-g66395355a5 to
                  | 0.29-a0-824-gd827844252
  2125 | D:7      | Gained mutation: You passively map the area around you.
                  | [Meteoran growth]
  2125 | D:7      | Reached XP level 9. HP: 70/70 MP: 12/14
  2407 | D:8      | Found a runed translucent gate.
  2408 | D:8      | Found a runed translucent gate.
  2408 | D:8      | Found a runed translucent gate.
  2411 | D:8      | Noticed kevlar127's ghost (novice TrBe)
  2411 | D:8      | Noticed dranuc9's ghost (novice DECj)
  2452 | D:8      | Reached skill level 5 in Dodging
  2452 | D:8      | Reached skill level 10 in Unarmed Combat
  2552 | D:8      | Reached *** piety under Okawaru
  2647 | D:8      | Found an ornate altar of the Wu Jian Council.
  2767 | D:9      | Reached skill level 5 in Evocations
  2806 | D:9      | Reached skill level 5 in Fighting
  2806 | D:9      | Reached XP level 10. HP: 73/81 MP: 15/15
  2827 | D:9      | Reached skill level 11 in Unarmed Combat
  3334 | D:10     | Entered Level 10 of the Dungeon
  3359 | D:10     | Found a staircase to the Orcish Mines.
  3360 | D:10     | Found Farerh Efriph's Weapon Boutique.
  3475 | D:10     | Found a staircase to the Lair.
  3489 | Lair:1   | Entered Level 1 of the Lair of Beasts
  3585 | Lair:1   | Reached skill level 12 in Unarmed Combat
  3588 | Lair:1   | Reached **** piety under Okawaru
  3600 | Lair:1   | Noticed a cane toad
  3612 | Lair:1   | Killed a cane toad
  3641 | Lair:1   | Learned a level 1 spell: Apportation
  3684 | Lair:2   | Noticed a cane toad
  3694 | Lair:2   | Killed a cane toad
  3694 | Lair:2   | Noticed a cane toad
  3696 | Lair:2   | HP: 3/84 [poisoned by a cane toad]
  3697 | Lair:2   | Succumbed to a cane toad's poison

Illustrated notes

Levels and vault maps discovered:
D:1:      matt_arrival_spirals, layout_basic, ebering_ecumenical_altar_ruins
D:2:      layout_basic, roderic_lattice_a, uniq_jessica
D:3:      layout_basic, nicolae_overflow_crystal_walls, st_stairs_9,
          uniq_natasha, uniq_ijyb
D:4:      layout_loops_ring, minmay_temple_entry_drinking_statues, serial_shops,
          nicolae_shop_temple_entry_statues_fountains,
          nicolae_shop_hallway_stairs, minmay_surrounded
D:5:      kb_forest_paths, layout_rooms, kennysheep_generic_room_9,
          uniq_blork_the_orc, uniq_eustachio, uniq_sigmund
D:6:      layout_loops_ring
D:7:      layout_loops_ring, columned_hall_lemuel
D:8:      statuecave_lemuel, layout_rooms, pdpol_wu_jian_five_deadly_venoms,
          serial_glass, glass_columns_a, glass_columns_b,
          gammafunk_ghost_cemetery, special_room [special_room_orc]
D:9:      layout_basic, minivault_23, nicolae_straight_to_the_point
D:10:     layout_basic, lair_entry_dummy, orc_david_3
Temple:   mainiacjoe_temple_big_plus
Lair:1:   layout_long_grid, serial_bayou_pond_c, beast_lair_carwin_7,
          uniq_erica, uniq_amaemon
Lair:2:   layout_regular_city, nicolae_swamp_entry_splash_gauntlet,
          nicolae_spider_entry_orb_guardian, gammafunk_ghost_grave,
          chequers_serial_rivers_large_a

Skill      XL: |  1  2  3  4  5  6  7  8  9 10 |
---------------+-------------------------------+-----
Unarmed Combat | 4 5 6 7 8 9 10 12 | 12.7
Transmutations | 3 4 |  4.1
Dodging        | 3 4 6 7 |  7.7
Invocations    | 2 3 |  3.3
Evocations     | 1 3 5 6 |  6.0
Fighting       | 2 3 5 6 |  6.7
Spellcasting   | |  2.6

Action                   |  1- 3 |  4- 6 |  7- 9 | 10-12 || total
-------------------------+-------+-------+-------+-------++-------
Melee: Unarmed           |    79 |    58 |   234 |   124 ||   495
       Kick              |     8 |     2 |    34 |    15 ||    59
       Headbutt          |     4 |     3 |    22 |    12 ||    41
       Punch             |       |     3 |    19 |     6 ||    28
Throw: Dart              |       |     1 |       |       ||     1
 Cast: Beastly Appendage |     8 |     3 |    12 |     5 ||    28
       Wereblood         |     1 |     2 |     8 |     5 ||    16
       Spider Form       |     3 |     3 |       |       ||     6
       Apportation       |       |       |       |     4 ||     4
Invok: Heroism           |       |       |     4 |     7 ||    11
Evoke: Wand              |       |       |    11 |       ||    11
  Use: Scroll            |       |     9 |     4 |     2 ||    15
       Potion            |       |       |     1 |       ||     1
Armor: Robe              |    33 |     4 |       |       ||    37
       Skin              |     5 |       |     2 |       ||     7
       Ring mail         |       |     6 |    88 |    34 ||   128
Dodge: Dodged            |    66 |    31 |   126 |    51 ||   274

Table legend: (Time is in decaauts)
 A = Elapsed time spent in this place.
 B = Non-inter-level travel time spent in this place.
 C = Inter-level travel time spent in this place.
 D = Time resting spent in this place.
 E = Time spent auto-exploring this place.
 F = Levels seen in this place.
 G = Mean time per level.
                   A        B        C        D        E       F      G
               +--------+--------+--------+--------+--------+-----+--------+
         Total |   3605 |   3392 |    213 |      3 |   1391 |  13 |  277.3 |
       Dungeon |   2939 |   2794 |    145 |      3 |    945 |  10 |  293.9 |
        Temple |    468 |    400 |     68 |      0 |    382 |   1 |  468.0 |
          Lair |    197 |    197 |      0 |      0 |     64 |   2 |   98.5 |
               +--------+--------+--------+--------+--------+-----+--------+

Top non-repeatable levels by time:
     D:9: 636 daAuts
  Temple: 468 daAuts
     D:5: 424 daAuts
     D:8: 424 daAuts
     D:1: 319 daAuts
     D:6: 290 daAuts
     D:4: 228 daAuts
     D:7: 206 daAuts
  Lair:1: 186 daAuts
     D:3: 155 daAuts
    D:10: 142 daAuts
     D:2: 113 daAuts
  Lair:2: 10 daAuts
